Map: Acid Plant LE

Players

Scarlett

  • Race: Zerg Zerg
  • Spawn Location: 11:00

ShaDoWn - Winner!

  • Race: Protoss Protoss
  • Spawn Location: 5:00

Event: WCS Montreal 2018

VOD

Have the link to the VOD?

Description

Time

  • Played on: Sept. 8, 2018, 10:52 a.m.
  • Length: 5:14

All games in this series

Show
View Real Time Build Order
Export as new Build Order

Scarlett Zerg 

Build Orders: Pool First, Ravager All-In 

Get SALT Encoding   

  12  0:00  Drone  
  13  0:12  Overlord  
  13  0:17  Drone  
  14  0:30  Drone  
  14  0:31  Drone  
  14  0:35  Drone  
  17  0:43  Extractor  
  17  0:46  Spawning Pool  
  15  0:50  Drone  
  15  0:56  Drone  
  17  1:06  Drone  
  18  1:21  Hatchery  
  18  1:23  Drone  
  18  1:32  Drone  
  20  1:40  Zergling x2  
  20  1:41  Queen  
  22  1:51  Roach Warren  
  21  1:57  Drone  
  21  2:00  Drone  
  22  2:13  Overlord  
  22  2:26  Extractor  
  22  2:28  Drone  
  22  2:32  Queen  
  22  2:33  Roach x2  
  28  2:45  Roach  
  28  2:46  Drone  
  31  2:53  Ravager  
  31  2:54  Ravager  
  31  2:56  Drone  
  34  3:00  Overlord  
  34  3:06  Ravager  
  35  3:19  Overlord  
  35  3:20  Drone  
  35  3:21  Roach x2  
  40  3:28  Queen  
  42  3:38  Overlord  
  42  3:40  Roach  
  44  3:43  Ravager  
  44  3:44  Ravager  
  46  3:56  Roach x2  
  48  4:06  Queen  
  47  4:18  Ravager  
  47  4:22  Ravager  
  49  4:37  Roach x2  
  50  4:46  Overlord  
  50  4:48  Roach x2  
  50  4:59  Ravager x2  
Show
View Real Time Build Order
Export as new Build Order

ShaDoWn Protoss - Winner!

Build Orders:  

Get SALT Encoding   

  12  0:00  Probe  
  13  0:12  Probe  
  14  0:17  Pylon  
  14  0:24  Probe  
  15  0:32  Probe  
  15  0:38  Gateway  
  15  0:40  Probe  
  16  0:47  Assimilator  
  17  0:51  Probe  
  18  1:03  Probe  
  19  1:12  Forge  
  19  1:15  Probe  
  20  1:25  Cybernetics Core  
  20  1:28  Probe  
  21  1:33  Pylon  
  21  1:55  Photon Cannon  
  21  2:01  Photon Cannon  
  21  2:05  Robotics Facility  
  21  2:09  Shield Battery  
  21  2:16  Photon Cannon  
  21  2:22  Shield Battery  
  21  2:27  Adept  
  23  2:39  Shield Battery  
  23  2:41  Immortal  
  23  2:57  Shield Battery  
  27  3:06  Pylon  
  27  3:09  Immortal  
  31  3:27  Shield Battery  
  31  3:37  Shield Battery  
  31  3:45  Warp Prism  
  33  3:58  Shield Battery  
  33  4:13  Immortal  
Tags
 
Add a new tag
Caveats
  • Supply blocks, unpowered buildings, or Contaminate may cause inaccurate times.
  • Supply counts are checked every 10 seconds.